NCAA
LOUISVILLE CARDINALS @ BAYLOR BEARS
04/21/2027
 
TOP OF THE 1ST
Louisville Cardinals batting - Pitching for Baylor Bears : RHP Steve Parsons
Pitching: RHP Steve Parsons
Batting: RHB Doug Bell 0-0: Ball
1-0: Ball
2-0: SINGLE (Groundball, 56) (infield hit)
Batting: RHB Justin Tomlinson 0-0: Swinging Strike
0-1: Swinging Strike
0-2: Ball
1-2: Strikes out swinging
Batting: RHB James Everhart 0-0: Called Strike
Doug Bell steals 2nd base
0-1: Ball
1-1: Swinging Strike
1-2: Foul Ball, location: 2F
1-2: Ball
2-2: Ball
3-2: Fly out, F8 (Flyball, 89M)
Batting: RHB Michael Harris 0-0: Foul Ball, location: 2F
0-1: Ball
1-1: Ball
2-1: Ball
3-1: Base on Balls
Batting: RHB Mike Harris 0-0: Ball
1-0: Ball
2-0: Foul Ball, location: 2F
2-1: Foul Ball, location: 2F
2-2: SINGLE (Line Drive, 8RM)
Doug Bell to third
Michael Harris to second
Runner from 3rd tries for Home, SAFE, no throw
Batting: RHB Bobby Hendricks 0-0: Ball
1-0: Ball
2-0: Ball
3-0: Base on Balls
Michael Harris to third
Mike Harris to second
Batting: RHB Victor Gilbert 0-0: Ball
1-0: Ball
2-0: Called Strike
2-1: Foul Ball, location: 2F
2-2: Ball
3-2: Base on Balls
Michael Harris scores
Mike Harris to third
Bobby Hendricks to second
Batting: RHB Troy Legge 0-0: Ball
1-0: Fly out, F9 (Flyball, 9LM)
Top of the 1st over - 2 run(s), 2 hit(s), 0 error(s), 3 left on base; Louisville 2 - Baylor 0
BOTTOM OF THE 1ST
Baylor Bears batting - Pitching for Louisville Cardinals : RHP Bo Manning
Pitching: RHP Bo Manning
Batting: SHB Rob Lowe 0-0: Ball
1-0: Foul Ball, location: 2F
1-1: Swinging Strike
1-2: Ball
2-2: Foul Ball, location: 2F
2-2: Ball
3-2: Strikes out swinging
Batting: LHB Pepe González 0-0: Called Strike
0-1: Ball
1-1: Called Strike
1-2: Ground out 1-3 (Groundball, P)
Batting: RHB Patrick Love 0-0: SINGLE (Groundball, 34D)
Batting: RHB Dave Coleman 0-0: Ball
Patrick Love is caught stealing 2nd base
Bottom of the 1st over - 0 run(s), 1 hit(s), 0 error(s), 0 left on base; Louisville 2 - Baylor 0
TOP OF THE 2ND
Louisville Cardinals batting - Pitching for Baylor Bears : RHP Steve Parsons
Batting: RHB Scott Cabrera 0-0: Ball
1-0: Foul Ball, location: 2F
1-1: Ball
2-1: Ball
3-1: Base on Balls
Batting: RHB Doug Bell 0-0: Ball
1-0: SINGLE (Groundball, 4MD)
Scott Cabrera to second
Runner from 2nd tries for 3rd, SAFE, throw made to third
Doug Bell to second
Batting: RHB Justin Tomlinson 0-0: Called Strike
0-1: Hit by Pitch
Batting: RHB James Everhart 0-0: Called Strike
0-1: Ball
1-1: Foul Ball, location: 2F
1-2: Foul Ball, location: 2F
1-2: Ball
2-2: Ball
3-2: SINGLE (Flyball, 89S)
Scott Cabrera scores
Doug Bell to third
Justin Tomlinson to second
Runner from 3rd tries for Home, SAFE, no throw
Batting: RHB Michael Harris 0-0: Swinging Strike
0-1: Foul Ball, location: 2F
0-2: Ball
1-2: Strikes out swinging
Batting: RHB Mike Harris 0-0: Ball
1-0: Fly out, F8 (Flyball, 89M)
Batting: RHB Bobby Hendricks 0-0: Ball
1-0: Ball
2-0: Called Strike
2-1: Foul Ball, location: 2F
2-2: Strikes out swinging
Top of the 2nd over - 2 run(s), 2 hit(s), 0 error(s), 2 left on base; Louisville 4 - Baylor 0
BOTTOM OF THE 2ND
Baylor Bears batting - Pitching for Louisville Cardinals : RHP Bo Manning
Batting: RHB Dave Coleman 0-0: Ball
1-0: Ball
2-0: Ball
3-0: Base on Balls
Batting: RHB Bill Ward 0-0: Ball
1-0: Ball
2-0: Fly out, F7 (Flyball, 7)
Batting: LHB Robert Hardin 0-0: Swinging Strike
0-1: Ball
1-1: Called Strike
Dave Coleman steals 2nd base
1-2: Ball
2-2: Ball
3-2: Fly out, F8 (Flyball, 78M)
Batting: LHB Jeff Sellers 0-0: Fly out, F7 (Flyball, 7S)
Bottom of the 2nd over - 0 run(s), 0 hit(s), 0 error(s), 1 left on base; Louisville 4 - Baylor 0
TOP OF THE 3RD
Louisville Cardinals batting - Pitching for Baylor Bears : RHP Steve Parsons
Batting: RHB Victor Gilbert 0-0: Called Strike
0-1: Fly out, F2 (Popup, 34S)
Batting: RHB Troy Legge 0-0: Called Strike
0-1: Foul Ball, location: 2F
0-2: Ball
1-2: Ball
2-2: Strikes out swinging
Batting: RHB Scott Cabrera 0-0: DOUBLE (Line Drive, 78M)
Batting: RHB Doug Bell 0-0: Ball
1-0: Ground out 1-3 (Groundball, P)
Top of the 3rd over - 0 run(s), 1 hit(s), 0 error(s), 1 left on base; Louisville 4 - Baylor 0
BOTTOM OF THE 3RD
Baylor Bears batting - Pitching for Louisville Cardinals : RHP Bo Manning
Batting: RHB Tim Church 0-0: Called Strike
0-1: SINGLE (Groundball, 34D)
Batting: LHB Allen Hall 0-0: Foul Ball, location: 2F
0-1: Foul Ball, location: 2F
0-2: Strikes out looking
Batting: SHB Rob Lowe 0-0: Swinging Strike
0-1: Ball
1-1: Foul Ball, location: 2F
1-2: Foul Ball, location: 2F
1-2: Strikes out looking
Batting: LHB Pepe González 0-0: Ball
Tim Church steals 2nd base
1-0: Foul Ball, location: 2F
1-1: Foul Ball, location: 2F
1-2: Strikes out swinging
Bottom of the 3rd over - 0 run(s), 1 hit(s), 0 error(s), 1 left on base; Louisville 4 - Baylor 0
TOP OF THE 4TH
Louisville Cardinals batting - Pitching for Baylor Bears : RHP Steve Parsons
Batting: RHB Justin Tomlinson 0-0: Ball
1-0: Ball
2-0: Called Strike
2-1: Ball
3-1: Base on Balls
Batting: RHB James Everhart 0-0: Called Strike
0-1: Called Strike
0-2: Strikes out looking
Pitching: RHP Enrique Bernal
Batting: RHB Michael Harris 0-0: Foul Ball, location: 2F
0-1: Swinging Strike
0-2: Ball
1-2: Foul Ball, location: 2F
1-2: Strikes out swinging
Batting: RHB Mike Harris 0-0: Ground out 4-3 (Groundball, 4S)
Top of the 4th over - 0 run(s), 0 hit(s), 0 error(s), 1 left on base; Louisville 4 - Baylor 0
BOTTOM OF THE 4TH
Baylor Bears batting - Pitching for Louisville Cardinals : RHP Bo Manning
Batting: RHB Patrick Love 0-0: Called Strike
0-1: Called Strike
0-2: Ball
1-2: Ball
2-2: Ball
3-2: Strikes out swinging
Batting: RHB Dave Coleman 0-0: Ball
1-0: Ball
2-0: Ball
3-0: Base on Balls
Batting: RHB Bill Ward 0-0: Called Strike
0-1: Called Strike
0-2: Ball
1-2: Foul Ball, location: 2F
1-2: Foul Ball, location: 2F
1-2: Ground out 5-3 (Groundball, 56S)
Dave Coleman to second
Batting: LHB Robert Hardin 0-0: Ground out 3-1 (Groundball, 34)
Bottom of the 4th over - 0 run(s), 0 hit(s), 0 error(s), 1 left on base; Louisville 4 - Baylor 0
TOP OF THE 5TH
Louisville Cardinals batting - Pitching for Baylor Bears : RHP Enrique Bernal
Batting: RHB Bobby Hendricks 0-0: Fly out, F9 (Flyball, 9LSF)
Batting: RHB Victor Gilbert 0-0: Ball
1-0: Ground out 6-3 (Groundball, 6)
Batting: RHB Troy Legge 0-0: Ball
1-0: SINGLE (Line Drive, 56D)
Batting: RHB Scott Cabrera 0-0: Called Strike
0-1: Swinging Strike
0-2: Strikes out swinging
Top of the 5th over - 0 run(s), 1 hit(s), 0 error(s), 1 left on base; Louisville 4 - Baylor 0
BOTTOM OF THE 5TH
Baylor Bears batting - Pitching for Louisville Cardinals : RHP Bo Manning
Batting: LHB Jeff Sellers 0-0: Called Strike
0-1: Ball
1-1: Ground out 5-3 (Groundball, 56S)
Batting: RHB Tim Church 0-0: Foul Ball, location: 2F
0-1: Called Strike
0-2: Ball
1-2: Ball
2-2: Ball
3-2: Foul Ball, location: 2F
3-2: Base on Balls
Batting: LHB Allen Hall 0-0: Ball
1-0: Ball
2-0: Ball
3-0: Base on Balls
Tim Church to second
Batting: SHB Rob Lowe 0-0: Swinging Strike
0-1: Ball
1-1: SINGLE (Line Drive, 34D)
Tim Church to third
Allen Hall to second
Batting: LHB Pepe González 0-0: Called Strike
0-1: Ball
1-1: SINGLE (Groundball, 34D)
Tim Church scores
Allen Hall to third
Rob Lowe to second
Runner from 3rd tries for Home, SAFE, throw made home
Rob Lowe to third
Pepe González to second
Batting: RHB Patrick Love 0-0: Ball
1-0: Called Strike
1-1: Swinging Strike
1-2: Ball
2-2: Ball
3-2: Ground out 1-3 (Groundball, 13S)
Pitching: LHP Chris Belcher
Batting: RHB Dave Coleman 0-0: Foul Ball, location: 2F
0-1: Swinging Strike
0-2: Ball
1-2: Foul Ball, location: 2F
1-2: Ball
2-2: Ball
3-2: Base on Balls
Batting: RHB Bill Ward 0-0: Ball
1-0: Fielders Choice at 2nd, 5-4 (Groundball, 5)
Bottom of the 5th over - 2 run(s), 2 hit(s), 0 error(s), 2 left on base; Louisville 4 - Baylor 2
TOP OF THE 6TH
Louisville Cardinals batting - Pitching for Baylor Bears : RHP Enrique Bernal
Batting: RHB Doug Bell 0-0: Called Strike
0-1: Swinging Strike
0-2: Foul Ball, location: 2F
0-2: Ball
1-2: Ball
2-2: Foul Ball, location: 2F
2-2: Foul Ball, location: 2F
2-2: Fly out, F8 (Flyball, 8LM)
Batting: RHB Justin Tomlinson 0-0: Ball
1-0: Ball
2-0: SINGLE (Groundball, 56D) (infield hit)
Batting: RHB James Everhart 0-0: Ball
1-0: Ball
2-0: Ball
3-0: Called Strike
3-1: Base on Balls
Justin Tomlinson to second
Batting: RHB Michael Harris 0-0: Called Strike
0-1: Ball
1-1: SINGLE (Line Drive, 8RS)
Justin Tomlinson to third
James Everhart to second
Batting: RHB Mike Harris 0-0: Ball
1-0: Ball
2-0: Ball
3-0: Called Strike
3-1: Called Strike
3-2: Strikes out swinging
Batting: RHB Bobby Hendricks 0-0: Ball
1-0: Called Strike
1-1: Called Strike
1-2: Strikes out swinging
Top of the 6th over - 0 run(s), 2 hit(s), 0 error(s), 3 left on base; Louisville 4 - Baylor 2
BOTTOM OF THE 6TH
Baylor Bears batting - Pitching for Louisville Cardinals : LHP Chris Belcher
Batting: LHB Robert Hardin 0-0: Ball
1-0: DOUBLE (Line Drive, 89M)
Batting: LHB Jeff Sellers 0-0: Called Strike
0-1: SINGLE (Line Drive, 4MD)
Robert Hardin to third
Batting: RHB Tim Church 0-0: Ball
1-0: Swinging Strike
1-1: Ball
2-1: Ball
Throwing error on steal attempt, E2
Robert Hardin scores
Jeff Sellers to third
3-1: Swinging Strike
3-2: Strikes out swinging
Batting: LHB Allen Hall 0-0: Ball
1-0: Called Strike
1-1: Ball
2-1: Foul Ball, location: 2F
2-2: Ball
3-2: Base on Balls
Batting: SHB Rob Lowe 0-0: Fielders Choice at 2nd, 1-6 (Groundball, 13)
Batting: LHB Pepe González 0-0: Ball
1-0: Foul Ball, location: 2F
1-1: Fly out, F8 (Flyball, 8RM)
Bottom of the 6th over - 1 run(s), 2 hit(s), 1 error(s), 2 left on base; Louisville 4 - Baylor 3
TOP OF THE 7TH
Louisville Cardinals batting - Pitching for Baylor Bears : RHP Enrique Bernal
Batting: RHB Victor Gilbert 0-0: Called Strike
0-1: Called Strike
0-2: Fly out, F7 (Flyball, 7)
Batting: RHB Troy Legge 0-0: Ball
1-0: Ground out 4-3 (Groundball, 4)
Batting: RHB Scott Cabrera 0-0: Swinging Strike
0-1: Ball
1-1: Ball
2-1: Fly out, F8 (Flyball, 89S)
Top of the 7th over - 0 run(s), 0 hit(s), 0 error(s), 0 left on base; Louisville 4 - Baylor 3
BOTTOM OF THE 7TH
Baylor Bears batting - Pitching for Louisville Cardinals : LHP Chris Belcher
Batting: RHB Patrick Love 0-0: Ball
1-0: Called Strike
1-1: Ball
2-1: Swinging Strike
2-2: Strikes out swinging
Batting: RHB Dave Coleman 0-0: Called Strike
0-1: Swinging Strike
0-2: Ball
1-2: Ball
2-2: Fly out, F8 (Flyball, 8RM)
Batting: RHB Bill Ward 0-0: Called Strike
0-1: Ball
1-1: Ball
2-1: Ball
3-1: Foul Ball, location: 2F
3-2: Base on Balls
Batting: LHB Robert Hardin 0-0: Ball
1-0: Ball
2-0: Swinging Strike
2-1: Foul Ball, location: 2F
2-2: Strikes out swinging
Bottom of the 7th over - 0 run(s), 0 hit(s), 0 error(s), 1 left on base; Louisville 4 - Baylor 3
TOP OF THE 8TH
Louisville Cardinals batting - Pitching for Baylor Bears : RHP Enrique Bernal
Batting: RHB Doug Bell 0-0: Called Strike
0-1: Called Strike
0-2: Ball
1-2: Ground out 6-3 (Groundball, 6MD)
Pitching: RHP Randy Ball
Batting: RHB Justin Tomlinson 0-0: Called Strike
0-1: Ball
1-1: Ball
2-1: Swinging Strike
2-2: Ball
3-2: Strikes out swinging
Batting: RHB James Everhart 0-0: Ball
1-0: Ball
2-0: Ball
3-0: Called Strike
3-1: Base on Balls
Batting: RHB Michael Harris 0-0: Ball
1-0: Swinging Strike
1-1: Ball
2-1: Foul Ball, location: 2F
2-2: Strikes out swinging
Top of the 8th over - 0 run(s), 0 hit(s), 0 error(s), 1 left on base; Louisville 4 - Baylor 3
BOTTOM OF THE 8TH
Baylor Bears batting - Pitching for Louisville Cardinals : LHP Chris Belcher
Batting: LHB Jeff Sellers 0-0: Ball
1-0: Ball
2-0: Ball
3-0: Base on Balls
Pitching: RHP Adam Lawson
Batting: RHB Tim Church 0-0: Sac Bunt - play at first, batter OUT! 1-4
Jeff Sellers to second
Pitching: LHP Jon Pearce
Batting: LHB Allen Hall 0-0: Ball
1-0: Called Strike
1-1: Foul Ball, location: 2F
1-2: Foul Ball, location: 2F
1-2: Ball
2-2: Ball
3-2: Strikes out swinging
Pitching: RHP José Medina
Batting: SHB Rob Lowe 0-0: Foul Ball, location: 2F
0-1: Foul Ball, location: 2F
0-2: Strikes out swinging
Bottom of the 8th over - 0 run(s), 0 hit(s), 0 error(s), 1 left on base; Louisville 4 - Baylor 3
TOP OF THE 9TH
Louisville Cardinals batting - Pitching for Baylor Bears : RHP Randy Ball
Batting: RHB Mike Harris 0-0: Ball
1-0: Called Strike
1-1: SINGLE (Flyball, 9S)
Pinch Hitting: LHB Preston Spencer 0-0: Called Strike
0-1: Fly out, F7 (Flyball, 7LMF)
Batting: RHB Victor Gilbert 0-0: Called Strike
0-1: Foul Ball, location: 2F
0-2: Ball
1-2: Strikes out swinging
Pinch Hitting: RHB Gilbert Nava 0-0: Called Strike
0-1: Ball
1-1: Ball
2-1: Foul Ball, location: 2F
2-2: Ball
3-2: Strikes out looking
Top of the 9th over - 0 run(s), 1 hit(s), 0 error(s), 1 left on base; Louisville 4 - Baylor 3
BOTTOM OF THE 9TH
Baylor Bears batting - Pitching for Louisville Cardinals : RHP José Medina
Pitching: RHP Shawn Gilliam
Now at C: Gilbert Nava
Now at 2B: George Richards
Pinch Hitting: LHB Sergio García 0-0: Foul Ball, location: 2F
0-1: Ball
1-1: Called Strike
1-2: Foul Ball, location: 2F
1-2: Strikes out looking
Batting: RHB Patrick Love 0-0: Ball
1-0: Foul Ball, location: 2F
1-1: Ground out 6-3 (Groundball, 6)
Batting: RHB Dave Coleman 0-0: Ball
1-0: Called Strike
1-1: Ball
2-1: Ball
3-1: Base on Balls
Batting: RHB Bill Ward 0-0: Called Strike
0-1: Ball
1-1: Fielders Choice at 2nd, 6-4 (Groundball, 6)
Bottom of the 9th over - 0 run(s), 0 hit(s), 0 error(s), 0 left on base; Louisville 4 - Baylor 3
Thursday, March 30th, 2017 - OOTP Baseball 17.12 Build 75